 Dungeon Crawl Stone Soup version 0.29.1-15-g9cfb28693d (webtiles) character file.

Game seed: 10207877281739248076

172575 Peloso the Peltast (level 17, -16/151 (165) HPs)
             Began as a Minotaur Fighter on Mar 7, 2023.
             Was the Champion of Okawaru.
             Killed from afar by a deep elf sorcerer (28 damage)
             ... with damnation
             ... on level 3 of the Elven Halls.
             The game lasted 01:22:34 (31841 turns).

Peloso the Peltast (Minotaur Fighter)              Turns: 31841, Time: 01:22:34

HP:   -16/151 (165) AC: 30    Str: 31    XL:     17   Next: 41%
MP:   19/19         EV: 10    Int:  9    God:    Okawaru [******]
Gold: 4191          SH: 20    Dex: 13    Spells: 16/16 levels left

rFire   + . .      SeeInvis +   a - +9 scimitar "Kane" {vorpal, rElec Will+ Int+4}
rCold   + . .      Faith    .   d - +0 kite shield {rF+}
rNeg    + . .      Spirit   .   X - +7 plate armour "Niett" {rF- Will+++ rCorr SInv}
rPois   +          Reflect  +   (helmet restricted)
rElec   +          Harm     .   E - +1 cloak {rCorr}
rCorr   +          Rampage  .   A - +3 pair of gloves "Imavixed" {-Cast rF+ rN+ Will++}
Will    +++++      NoCast   +   F - +0 pair of boots {Fly}
Stlth   ..........              W - amulet of reflection
HPRegen 0.35/turn               J - ring "Famnippi" {rPois rCorr Str+5}
MPRegen 0.16/turn               y - ring of protection from cold

@: corroded, flying, studying Invocations, drained
A: horns 2, retaliatory headbutt
a: Renounce Religion, Heroism, Finesse, Duel


You were on level 3 of the Elven Halls.
You worshipped Okawaru.
Okawaru was exalted by your worship.
You visited 5 branches of the dungeon, and saw 26 of its levels.
You also visited: Gauntlet and Volcano.

You collected 4191 gold pieces.

Inventory:

Hand Weapons
 a - the +9 scimitar "Kane" (weapon) {vorpal, rElec Will+ Int+4}
   (Okawaru gifted it to you on level 1 of the Elven Halls)

   It inflicts extra damage upon your enemies.
   Int:       It affects your intelligence (+4).
   rElec:     It insulates you from electricity.
   Will:      It increases your willpower.
 b - the +6 long sword of Cheibriados's Pride {drain, Str+4 Int+5}
   (You found it on level 10 of the Dungeon)

   A truly terrible weapon, it drains the life of any living foe it strikes.
   Str:       It affects your strength (+4).
   Int:       It affects your intelligence (+5).
 c - a +1 whip of flaming
Armour
 d - a +0 kite shield of fire resistance (worn)
 A - the +3 pair of gloves "Imavixed" (worn) {-Cast rF+ rN+ Will++}
   (Okawaru gifted it to you on level 13 of the Dungeon)

   rF:        It protects you from fire.
   rN:        It protects you from negative energy.
   -Cast:     It prevents spellcasting.
   Will:      It greatly increases your willpower.
 E - a +1 cloak of preservation (worn)
 F - a +0 pair of boots of flying (worn)
 X - the +7 plate armour "Niett" (worn) {rF- Will+++ rCorr SInv}
   (Okawaru gifted it to you on level 2 of the Lair of Beasts)

   rF:        It makes you vulnerable to fire.
   SInv:      It lets you see invisible.
   rCorr:     It protects you from acid and corrosion.
   Will:      It greatly increases your willpower.
Jewellery
 f - a ring of resist corrosion
 g - the ring "Resadem" {Wiz Fly rC+ Int+2}
   (You found it on level 1 of the Elven Halls)

   [ring of wizardry]

   It improves your spell success rate.
   Int:       It affects your intelligence (+2).
   rC:        It protects you from cold.
   Fly:       It grants you flight.
 h - a +4 ring of evasion
 n - a ring of protection from fire
 q - an amulet of regeneration
 y - a ring of protection from cold (right hand)
 D - a ring of positive energy
 J - the ring "Famnippi" (left hand) {rPois rCorr Str+5}
   (You took it off a deep elf demonologist on level 3 of the Elven Halls)

   [ring of resist corrosion]

   Str:       It affects your strength (+5).
   rPois:     It protects you from poison.
   rCorr:     It protects you from acid and corrosion.
 N - the ring "Biholyle" {Ice Will+ rCorr Str+4 Dex+3}
   (You found it in a Gauntlet)

   [ring of ice]

   It enhances your ice magic.
   Str:       It affects your strength (+4).
   Dex:       It affects your dexterity (+3).
   rF:        It makes you vulnerable to fire.
   rC:        It protects you from cold.
   rCorr:     It protects you from acid and corrosion.
   Will:      It increases your willpower.
 O - a ring of protection from fire
 U - a ring of poison resistance
 W - an amulet of reflection (around neck)
Wands
 o - a wand of mindburst (12)
Scrolls
 e - a scroll of enchant weapon
 i - 2 scrolls of fog
 l - 7 scrolls of magic mapping
 m - 8 scrolls of teleportation
 p - 3 scrolls of acquirement
 r - 2 scrolls of fear
 u - a scroll of noise {unknown}
 v - 2 scrolls of immolation
 x - 2 scrolls of silence
 z - a scroll of amnesia
 G - a scroll of poison
 L - a scroll of identify
Potions
 j - 10 potions of might
 k - 7 potions of curing
 t - 4 potions of haste
 w - 2 potions of attraction {unknown}
 B - 7 potions of flight
 C - 6 potions of invisibility
 H - a potion of mutation
 I - 4 potions of cancellation
 K - a potion of resistance
 M - 11 potions of heal wounds
 T - 3 potions of ambrosia {unknown}
 V - 4 potions of degeneration {unknown}
Miscellaneous
 s - a box of beasts


   Skills:
 + Level 18.3 Fighting
 + Level 18.6 Long Blades
 + Level 4.4 Maces & Flails
 + Level 1.1 Throwing
 + Level 18.4 Armour
 + Level 4.8 Dodging
 + Level 3.1 Stealth
 + Level 19.9 Shields
 + Level 4.2 Invocations


You had 16 spell levels left.
You didn't know any spells.
Your spell library contained the following spells:

 Spells                   Type           Power      Damage    Failure   Level
 Magic Dart               Conj           0%         1d3       94%         1
 Blink                    Tloc           0%         N/A       98%         2
 Ensorcelled Hibernation  Hex/Ice        0%         N/A       98%         2
 Passwall                 Tmut/Erth      0%         N/A       98%         2
 Poisonous Vapours        Pois/Air       0%         N/A       98%         2
 Scorch                   Fire           0%         2d5       98%         2
 Searing Ray              Conj           0%         2d4       98%         2
 Sublimation of Blood     Necr           0%         N/A       98%         2
 Wereblood                Tmut           0%         N/A       98%         2
 Gell's Gravitas          Tloc           0%         N/A       100%        3
 Lesser Beckoning         Tloc           0%         N/A       100%        3
 Swiftness                Air            0%         N/A       100%        3
 Teleport Other           Tloc           0%         N/A       100%        3
 Flame Wave               Conj/Fire      0%         2d4       100%        4
 Fulminant Prism          Conj/Hex       0%         3d6       100%        4
 Manifold Assault         Tloc           0%         N/A       100%        5
 Storm Form               Tmut/Air       0%         N/A       100%        7
 Chain Lightning          Conj/Air       0%         N/A       100%        9
 Fire Storm               Conj/Fire      0%         5d1       100%        9
 Shatter                  Erth           0%         3d5*      100%        9
 Summon Cactus Giant      Summ           Unusable   N/A       N/A         6
 Summon Hydra             Summ           Unusable   N/A       N/A         7

Dungeon Overview and Level Annotations

Branches:
Dungeon (15/15)            Temple (1/1) D:7            Lair (5/5) D:11
  Swamp (0/4) Lair:2        Snake (0/4) Lair:2        Slime (0/5) Lair:5
    Orc (2/2) D:12            Elf (3/3) Orc:2        Vaults (0/5) D:14
 Depths (0/4) D:15        Volcano (visited)         Gauntlet (visited)

Altars:
Ashenzari
Cheibriados
Dithmenos
Elyvilon
Fedhas
Gozag
Hepliaklqana
Kikubaaqudgha
Makhleb
Nemelex Xobeh
Okawaru
Qazlal
Sif Muna
Trog
Uskayaw
Wu Jian
Xom
Yredelemnul
The Shining One
Jiyva

Shops:
D:2 [   D:7 [   D:15 *   Orc:2 [(((   Elf:1 =:=   Elf:3 :

Annotations:
D:12 2 runed translucent doors, exclusion: orange crystal statue
Lair:1 Casa
Lair:2 3 runed translucent doors, Reubyar's ghost, journeyman MiBe
Elf:2 3 runed translucent doors


Innate Abilities, Weirdness & Mutations

You have a pair of horns on your head.
You reflexively headbutt those who attack you in melee.


Message History

You assume a fearsome visage.
The deep elf sorcerer easily resists.
The deep elf high priest looks frightened!
The deep elf death mage resists with almost no effort.
The deep elf sorcerer hits you but does no damage.
You feel better.
The deep elf sorcerer becomes larger for a moment.
The deep elf sorcerer points at you and mumbles some strange words.
The bolt of acid hits you! You resist.
* * * LOW HITPOINT WARNING * * *
The deep elf death mage gestures at you while chanting.
The bolt of negative energy misses you.
As you read the scroll of fear, it crumbles to dust.
You assume a fearsome visage.
The deep elf sorcerer looks frightened!
The deep elf death mage looks frightened!
You feel better.
You feel better.
The deep elf high priest is no longer giving off an aura.
You are no longer corroded.
Things that are here:
a +0 leather armour; a +1 flail of protection
Items here: ))) [ รท.
The deep elf sorcerer howls an incantation.
The deep elf sorcerer shimmers violently.
Things that are here:
a +0 ring mail; a +2 long sword of holy wrath The deep elf sorcerer casts a spell at you.
The bolt of acid hits you but does no damage.
The acid corrodes you!
The deep elf sorcerer casts a spell at you.
The sphere of damnation explodes!
The damnation engulfs you!!
* * * LOW HITPOINT WARNING * * *
Items here: )))) [[.
Things that are here:
a +0 leather armour; a +0 battleaxe Unknown command.
You feel better.
You feel like a meek peon again.
The deep elf sorcerer gestures at you while chanting.
The sphere of damnation explodes!
The damnation engulfs you!!
You die...

#...# #..... #...#
#.##.# ##e## #.##.# #.#
#.##.# ##[# #.##.# #).#
#### #.##.# #[## #..##
#.##.#
#.#####...#########.##.#
#..e..)@)...............
##[####.)).####.........
#.# ##.).# #.....#...
#.# #.[.# #.)..###.. #.#
#))## #....# #). #.#
###.'#####..### ### #[#
#..[..#....## # #.#
#...........### ## #.#
#..<..........# #..


You could see a deep elf sorcerer (fast).

Vanquished Creatures
  Jorgrun (D:13)
  A deep elf master archer (Elf:3)
  3 deep elf blademasters (Elf:3)
  Gastronok (Lair:1)
  Kirke (Lair:5)
  6 deep elf sorcerers
  An orc warlord (Orc:2)
  2 deep elf elementalists (Elf:3)
  The ghost of ymhsbmbesitwf the Severer, a journeyman HOFi of Okawaru (Lair:5)
  5 deep elf demonologists
  4 deep elf annihilators (Elf:3)
  Nessos (D:14)
  A dire elephant (Lair:5)
  A minotaur (Gauntlet)
  Snorg (D:11)
  A deep elf death mage (Elf:3)
  5 deep elf high priests
  2 fire dragons
  10 hydras
  A rakshasa (D:14)
  3 boulder beetles
  2 catoblepae
  A spriggan skeleton (D:15)
  14 dancing weapons
  8 death yaks
  2 tengu warriors (D:13)
  2 two-headed ogres
  2 thrashing horrors (Gauntlet)
  Urug (D:10)
  2 orc high priests (Orc:2)
  The ghost of H0rd4k the Insei, a novice OpAr of Gozag (D:9)
  14 deep elf knights
  Amaemon (D:10)
  9 skeletal warriors
  A spark wasp zombie (D:15)
  A glowing orange brain (shapeshifter) (D:14)
  12 deep elf archers
  A flayed ghost (D:15)
  Pikel (D:7)
  An orc knight (D:13)
  A necromancer (D:15)
  6 lindwurms
  A harpy (shapeshifter) (Elf:2)
  A sphinx zombie (D:15)
  31 deep elf pyromancers
  3 ugly things
  23 deep elf zephyrmancers
  2 orc sorcerers (Orc:2)
  8 elephants (Lair:5)
  5 manticores
  4 oklob plants
  A cyclops (D:14)
  6 centaur zombies (D:11)
  A stone giant skeleton (D:15)
  A black mamba (Lair:1)
  A smoke demon (Volcano)
  3 gargoyles
  An orange demon (D:10)
  Maggie (D:9)
  3 minotaur zombies (Gauntlet)
  An unseen horror (D:12)
  10 komodo dragons
  14 cane toads
  5 rime drakes
  A yaktaur (shapeshifter) (D:13)
  3 kobold demonologists (D:10)
  A guardian mummy (D:15)
  12 polar bears
  7 trolls
  A hornet (D:7)
  4 raiju (Lair:5)
  7 slime creatures
  28 blink frogs
  A tyrant leech (Lair:2)
  3 dream sheep (Lair:5)
  A meliai zombie (D:11)
  An air elemental (Elf:2)
  13 flying skulls (Gauntlet)
  6 vampires
  32 yaks
  5 wyverns
  3 fire bats (Lair:4)
  4 water elementals
  5 basilisks
  17 humans
  5 hogs (Lair:5)
  4 steam dragons
  3 fire elementals
  12 vampire mosquitoes
  4 small abominations (Gauntlet)
  Menkaure (D:5)
  2 nagas (Lair:2)
  Edmund (D:4)
  An acid dragon (D:10)
  An acid dragon (shapeshifter) (D:13)
  11 wargs
  2 swamp worms (Lair:2)
  16 water moccasins
  A floating eye (Lair:2)
  12 hell hounds
  An ice beast (D:6)
  2 sky beasts (D:7)
  9 ogres
  13 black bears
  33 orc warriors
  32 wolves
  A boggart (D:13)
  3 centaurs
  A phantom (D:6)
  A kobold brigand (D:10)
  8 bullfrogs
  5 scorpions
  6 earth elementals
  A necrophage (D:6)
  5 wights (D:7)
  5 killer bees (D:9)
  6 howler monkeys
  8 hounds
  25 orc priests
  5 jellies
  Crazy Yiuf (D:6)
  A gnoll bouda (D:6)
  20 orc wizards
  3 iguanas
  Ijyb (D:4)
  11 gnolls
  3 adders
  A shadow imp (D:5)
  3 white imps
  An ufetubus (D:5)
  A worm (D:2)
  A dart slug (D:3)
  97 orcs
  7 endoplasms
  10 giant cockroaches
  4 goblins
  5 hobgoblins
  11 jackals
  2 quokkas
  9 ball pythons
  5 bats
  5 frilled lizards
  11 kobolds
  7 rats
  3 butterflies (D:8)
885 creatures vanquished.

Vanquished Creatures (others)
  3 deep elf pyromancers
  Prince Ribbit (D:7)
  An orc (Orc:2)
  25 fungi
  68 plants
  3 withered plants (Gauntlet)
101 creatures vanquished.

Grand Total: 986 creatures vanquished

Notes
Turn   | Place    | Note
-------+----------+-------------------------------------------
     0 | D:1      | Peloso the Minotaur Fighter began the quest for the Orb.
     0 | D:1      | Reached XP level 1. HP: 19/19 MP: 0/0
   268 | D:1      | Reached XP level 2. HP: 27/27 MP: 1/1
   371 | D:1      | Reached skill level 4 in Shields
   648 | D:2      | Reached XP level 3. HP: 22/33 MP: 2/2
   650 | D:2      | Found a stormy altar of Qazlal.
   660 | D:2      | Reached skill level 1 in Dodging
   810 | D:2      | Found Vaakhi's Armour Emporium.
  1302 | D:2      | Found a faded altar of an unknown god.
  1430 | D:3      | Identified the +3 ring mail of the Forgotten Curses {*Slow
                  | Str+3 Dex+5}
  1715 | D:3      | Reached XP level 4. HP: 41/41 MP: 3/3
  2178 | D:4      | Found an ancient bone altar of Kikubaaqudgha.
  2180 | D:4      | Found a blossoming altar of Fedhas.
  2243 | D:4      | Noticed a water moccasin
  2256 | D:4      | Killed a water moccasin
  2257 | D:4      | Reached XP level 5. HP: 7/47 MP: 4/4
  2578 | D:4      | Reached skill level 5 in Armour
  2924 | D:3      | Reached skill level 1 in Stealth
  2931 | D:3      | Reached XP level 6. HP: 43/53 MP: 5/5
  3057 | D:4      | Noticed Edmund
  3074 | D:4      | Killed Edmund
  3075 | D:4      | Reached skill level 5 in Long Blades
  3316 | D:4      | Noticed Ijyb
  3331 | D:4      | Killed Ijyb
  3332 | D:4      | Reached skill level 5 in Fighting
  3563 | D:4      | Reached skill level 5 in Shields
  3774 | D:4      | HP: 1/56 [ogre/+0 giant club (13)]
  3778 | D:4      | Reached XP level 7. HP: 4/61 MP: 6/6
  3952 | D:5      | Entered Level 5 of the Dungeon
  4298 | D:5      | Noticed Menkaure
  4314 | D:5      | Killed Menkaure
  4315 | D:5      | Reached XP level 8. HP: 39/70 MP: 7/7
  4566 | D:5      | Reached skill level 1 in Throwing
  4779 | D:6      | Reached skill level 6 in Shields
  4854 | D:6      | Noticed a +0 short sword
  4855 | D:6      | Noticed a +0 dagger
  4855 | D:6      | Noticed a +0 falchion
  4855 | D:6      | Noticed a +0 dagger
  4855 | D:6      | Noticed a +0 spear
  4855 | D:6      | Noticed a +0 spear
  4855 | D:6      | Noticed a +0 falchion
  4856 | D:6      | Noticed a +0 short sword
  4915 | D:6      | Found a hide-covered altar of Uskayaw.
  5364 | D:6      | Reached XP level 9. HP: 66/79 MP: 8/8
  5450 | D:6      | Found a broken altar of Ashenzari.
  5543 | D:6      | Found a runed translucent door.
  5544 | D:6      | Noticed Crazy Yiuf
  5552 | D:6      | Killed Crazy Yiuf
  5658 | D:7      | Noticed Prince Ribbit
  5669 | D:7      | Killed Prince Ribbit
  5705 | D:6      | Reached skill level 7 in Shields
  5799 | D:7      | Found Ibra's Armour Shoppe.
  5818 | D:7      | Noticed Pikel
  5877 | D:7      | Killed Pikel
  5878 | D:7      | Reached skill level 10 in Long Blades
  5997 | D:8      | Found a runed translucent door.
  5999 | D:8      | Found a runed translucent door.
  6272 | D:7      | Reached XP level 10. HP: 88/88 MP: 9/9
  6380 | D:7      | Found a staircase to the Ecumenical Temple.
  6390 | Temple   | Entered the Ecumenical Temple
  6404 | Temple   | Became a worshipper of Warmaster Okawaru
  6453 | D:7      | Paralysed by a hornet for 2 turns
  6910 | D:8      | Found an opulent altar of Gozag.
  6969 | D:8      | You fall into a shaft and drop 2 floors!
  6969 | D:10     | Entered Level 10 of the Dungeon
  6973 | D:10     | Identified the +6 long sword of Cheibriados's Pride {drain,
                  | Str+4 Int+5}
  7017 | D:10     | Reached skill level 8 in Shields
  7056 | D:10     | Noticed Amaemon
  7056 | D:10     | Noticed an orange demon
  7068 | D:10     | Killed Amaemon
  7068 | D:10     | Reached * piety under Okawaru
  7069 | D:10     | Reached skill level 10 in Armour
  7075 | D:10     | Killed an orange demon
  7179 | D:8      | Found a sparkling altar of Nemelex Xobeh.
  7179 | D:8      | Found a shimmering blue altar of Sif Muna.
  7432 | D:9      | Noticed Maggie
  7432 | D:9      | Noticed a two-headed ogre
  7440 | D:8      | Reached ** piety under Okawaru
  7635 | D:9      | Killed a two-headed ogre
  7641 | D:9      | Killed Maggie
  7717 | D:9      | Found an ornate altar of the Wu Jian Council.
  7925 | D:9      | Found a large runed translucent door.
  7925 | D:9      | Found a large runed translucent door.
  7929 | D:9      | Noticed H0rd4k's ghost (novice OpAr)
  7999 | D:9      | Reached *** piety under Okawaru
  8279 | D:10     | Noticed Urug
  8291 | D:10     | Killed Urug
  8292 | D:10     | Reached XP level 11. HP: 82/97 MP: 8/10
  8599 | D:10     | Reached **** piety under Okawaru
  8620 | D:11     | Noticed a soul eater
  8925 | D:11     | Reached skill level 9 in Shields
  8976 | D:11     | Reached skill level 10 in Fighting
  8990 | D:11     | Reached ***** piety under Okawaru
  9125 | D:11     | Noticed a white ugly thing
  9141 | D:11     | Killed a white ugly thing
  9206 | D:11     | Noticed an oklob plant
  9394 | D:11     | Noticed Snorg
  9410 | D:11     | Killed Snorg
  9907 | D:11     | Found a staircase to the Lair.
  9922 | D:11     | Killed an oklob plant
  9940 | Lair:1   | Entered Level 1 of the Lair of Beasts
  9946 | Lair:1   | Reached skill level 1 in Invocations
  9946 | Lair:1   | Noticed Gastronok
  9968 | Lair:1   | Found a gate leading to a gauntlet.
  9972 | Lair:1   | Reached skill level 10 in Shields
  9975 | Lair:1   | Received a gift from Okawaru
  9976 | Lair:1   | Reached XP level 12. HP: 109/110 MP: 11/11
  9987 | Gauntlet | Entered a Gauntlet
  9987 | Gauntlet | Found a transporter.
  9987 | Gauntlet | Found a transporter.
  9989 | Gauntlet | Found a transporter.
  9991 | Gauntlet | Found a transporter.
 10010 | Gauntlet | Found a transporter.
 10071 | Gauntlet | Found a transporter.
 10085 | Gauntlet | Found a transporter.
 10100 | Gauntlet | Found a transporter.
 10116 | Gauntlet | Found a transporter.
 10129 | Gauntlet | Found a transporter.
 10140 | Gauntlet | Found a transporter.
 10160 | Gauntlet | Found a transporter.
 10299 | Gauntlet | Identified the ring "Biholyle" {Ice Will+ rCorr Str+4
                  | Dex+3}
 10326 | Gauntlet | Reached ****** piety under Okawaru
 10337 | Gauntlet | Identified the +8 quarterstaff of Okawaru's Hope {freeze,
                  | +Blink rPois Int+6 Dex-2} (Okawaru gifted it to you in a
                  | Gauntlet)
 10337 | Gauntlet | Received a gift from Okawaru
 10365 | Gauntlet | Identified the +2 cloak of the Burning Gods {Int+8}
 10440 | Gauntlet | Noticed a minotaur
 10459 | Gauntlet | Killed a minotaur
 10651 | Gauntlet | Got the Catalogue of Lofty Excavation
 10839 | Lair:1   | Killed Gastronok
 11023 | Lair:1   | Noticed a boulder beetle
 11058 | Lair:1   | Killed a boulder beetle
 11131 | Lair:1   | Reached skill level 11 in Shields
 11668 | Lair:2   | Found a staircase to the Swamp.
 11812 | Lair:2   | Identified the +7 plate armour "Niett" {rF- Will+++ rCorr
                  | SInv} (Okawaru gifted it to you on level 2 of the Lair of
                  | Beasts)
 11812 | Lair:2   | Received a gift from Okawaru
 11831 | Lair:2   | Found a staircase to the Snake Pit.
 11914 | Lair:2   | Noticed a catoblepas
 11931 | Lair:2   | Noticed a seven-headed hydra
 11931 | Lair:2   | Noticed a death yak
 11994 | Lair:2   | Reached XP level 13. HP: 110/119 MP: 13/13
 12097 | Lair:2   | Found a runed translucent gate.
 12097 | Lair:2   | Found a runed translucent gate.
 12097 | Lair:2   | Found a runed translucent gate.
 12097 | Lair:2   | Noticed Reubyar's ghost (journeyman MiBe)
 12103 | Lair:2   | Found a viscous altar of Jiyva.
 12127 | Lair:2   | Reached skill level 15 in Long Blades
 12257 | Lair:2   | Paralysed by a floating eye for 3 turns
 12501 | Lair:2   | Reached skill level 1 in Maces & Flails
 14045 | D:12     | Found a runed translucent door.
 14045 | D:12     | Found the +10 tower shield of Ignorance {rN+ Int-4}
 14107 | D:12     | Found a runed translucent door.
 14113 | D:12     | Identified the +5 scale mail of Anarchy {*Corrode rElec
                  | rF++ Will+}
 14184 | D:12     | Found a staircase to the Orcish Mines.
 14210 | D:12     | Reached skill level 15 in Armour
 14925 | D:13     | Reached skill level 12 in Shields
 14966 | D:13     | Noticed a fire dragon
 14981 | D:13     | Killed a fire dragon
 14981 | D:13     | Identified the +3 pair of gloves "Imavixed" {-Cast rF+ rN+
                  | Will++} (Okawaru gifted it to you on level 13 of the
                  | Dungeon)
 14981 | D:13     | Received a gift from Okawaru
 15373 | D:13     | Found a bloodstained altar of Trog.
 15489 | D:13     | Noticed Jorgrun
 15510 | D:13     | Killed Jorgrun
 15837 | Orc:1    | Entered Level 1 of the Orcish Mines
 15938 | Orc:1    | Reached XP level 14. HP: 133/133 MP: 15/15
 16590 | Orc:2    | Entered Level 2 of the Orcish Mines
 16734 | Orc:2    | Found a staircase to the Elven Halls.
 16962 | Orc:2    | Found Zaug's Antique Weapon Shoppe.
 17028 | Orc:2    | Reached skill level 13 in Shields
 17097 | Orc:2    | Noticed an orc warlord
 17129 | Orc:2    | Killed an orc warlord
 17239 | Orc:2    | Found Zyodirry's Antique Armour Boutique.
 17250 | Orc:2    | Found Sulluez's Antique Weapon Shop.
 17585 | Orc:2    | Found Duhia's Antique Weapon Emporium.
 17886 | D:9      | Killed H0rd4k's ghost
 18201 | Lair:4   | Found a dark tunnel.
 18224 | Volcano  | Entered a volcano
 18262 | Volcano  | Received a gift from Okawaru
 18362 | Volcano  | Reached skill level 15 in Fighting
 18572 | Lair:4   | Reached skill level 14 in Shields
 19148 | Lair:5   | Entered Level 5 of the Lair of Beasts
 19324 | Lair:5   | Found a large runed translucent door.
 19324 | Lair:5   | Found a large runed translucent door.
 19326 | Lair:5   | Noticed ymhsbmbesitwf's ghost (journeyman HOFi)
 19343 | Lair:5   | Found a staircase to the Slime Pits.
 19344 | Lair:5   | Found a viscous altar of Jiyva.
 19636 | Lair:5   | Reached skill level 15 in Shields
 19673 | Lair:5   | Identified the +4 ring mail of the Stone Wall {rElec}
                  | (Okawaru gifted it to you on level 5 of the Lair of Beasts)
 19673 | Lair:5   | Received a gift from Okawaru
 19738 | Lair:5   | Noticed Kirke
 19739 | Lair:5   | Reached XP level 15. HP: 124/141 MP: 16/16
 19856 | Lair:5   | Killed Kirke
 20822 | Lair:5   | Reached skill level 16 in Shields
 21415 | Lair:5   | Killed ymhsbmbesitwf's ghost
 21415 | Lair:5   | Received a gift from Okawaru
 21609 | D:14     | Found a white marble altar of Elyvilon.
 21613 | D:14     | Noticed Nessos
 22222 | D:14     | Killed Nessos
 22234 | D:14     | Found a gate to the Vaults.
 22572 | D:14     | Reached skill level 17 in Shields
 22730 | D:14     | Identified 2 scrolls of acquirement
 23094 | D:15     | Entered Level 15 of the Dungeon
 23543 | D:15     | Found a staircase to the Depths.
 23587 | D:15     | Received a gift from Okawaru
 23602 | D:15     | Reached XP level 16. HP: 13/152 MP: 17/17
 24137 | D:15     | Found Ottev's Assorted Antiques.
 24772 | Elf:1    | Entered Level 1 of the Elven Halls
 25351 | Elf:1    | Identified the +9 flail of Lymoug {pain, rN+ Dex+3}
 25401 | Elf:1    | Reached skill level 18 in Shields
 25682 | Elf:1    | Identified the +9 scimitar "Kane" {vorpal, rElec Will+
                  | Int+4} (Okawaru gifted it to you on level 1 of the Elven
                  | Halls)
 25682 | Elf:1    | Received a gift from Okawaru
 25854 | Elf:1    | Identified the ring "Resadem" {Wiz Fly rC+ Int+2}
 26303 | Elf:1    | Found Tecryon's Jewellery Boutique.
 26303 | Elf:1    | Found Itehoymo's Book Shoppe.
 26305 | Elf:1    | Found Tohefapn's Jewellery Boutique.
 26743 | Elf:2    | Found a runed translucent gate.
 26743 | Elf:2    | Found a runed translucent gate.
 26743 | Elf:2    | Found a runed translucent gate.
 27649 | Elf:1    | Identified the +1 scale mail of the Depths {*Slow +Inv rN+
                  | Will+} (Okawaru gifted it to you on level 1 of the Elven
                  | Halls)
 27649 | Elf:1    | Received a gift from Okawaru
 28075 | Elf:2    | Paralysed by an air elemental for 1 turns
 28107 | Elf:2    | Reached skill level 19 in Shields
 28446 | Elf:3    | Entered Level 3 of the Elven Halls
 29049 | Elf:3    | Reached XP level 17. HP: 163/163 MP: 18/18
 29094 | Elf:3    | Found Annuq's Book Boutique.
 29548 | Elf:3    | Noticed a deep elf blademaster
 29579 | Elf:3    | Killed a deep elf blademaster
 29760 | Elf:3    | Noticed a deep elf blademaster
 29790 | Elf:3    | Killed a deep elf blademaster
 30116 | Elf:3    | Noticed a deep elf master archer
 30141 | Elf:3    | Killed a deep elf master archer
 30159 | Elf:3    | Received a gift from Okawaru
 30173 | Elf:3    | Noticed a Tzitzimitl
 30524 | Elf:3    | Noticed a deep elf blademaster
 30525 | Elf:3    | Noticed an Ice Fiend
 30533 | Elf:3    | Killed a deep elf blademaster
 30862 | Elf:3    | Identified the +5 great sword "Etopir" {spect, rN+ Will+
                  | MP+9 Str-5}
 30876 | Elf:3    | Noticed an Ice Fiend
 30890 | Elf:3    | Identified the ring "Famnippi" {rPois rCorr Str+5}
 31318 | Elf:3    | Identified the +8 lajatang of Patience {vamp, rF++ Str-3
                  | Int+7}
 31752 | Elf:3    | Noticed a Hell Sentinel
 31812 | Elf:3    | Identified the +6 hand axe of the Queen {drain, rPois Will+
                  | Str+4 Dex-4}
 31812 | Elf:3    | Identified the +3 crystal plate armour "Releohek" {rElec
                  | rC++}
 31839 | Elf:3    | HP: 1/151 [deep elf sorcerer/damnation (33)]
 31841 | Elf:3    | Killed from afar by a deep elf sorcerer

Illustrated notes

Levels and vault maps discovered:
D:1:      wheals_arrival_linesprint, layout_rooms, st_stairs_11
D:2:      layout_rooms, serial_shops, nicolae_shop_advertising_works
          [nicolae_subvault_shop_adworks], ebering_ecumenical_altar_mist,
          basic_altar, wad_floor_pattern_1, minmay_fountain_box,
          serial_park_tiny_pond, corexii_leaking_fountain
D:3:      layout_loops_corners, minmay_misc_feat_cross, minmay_bisected
D:4:      layout_basic, grunt_temple_overflow_growth_and_decay, uniq_ijyb,
          uniq_edmund
D:5:      layout_gridville, uniq_menkaure
D:6:      layout_loops_ring, nicolae_uskayaw_en_pointe, lemuel_round_altar,
          uniq_crazy_yiuf_cottage
D:7:      layout_cave_pools, temple_statues, serial_shops, kennysheep_mini,
          uniq_prince_ribbit1, uniq_pikel
D:8:      lemuel_insect_pit, layout_basic, grunt_gozag_breadcrumbs,
          gammafunk_temple_overflow_wave
D:9:      layout_loops_ring, kennysheep_little_box, ebering_ghost_disaster_area,
          uniq_maggie
D:10:     layout_rooms, uniq_urug, uniq_amaemon
D:11:     layout_basic, dpeg_oklobed_lair, serial_undead, serial_undead_b,
          serial_undead_b, serial_undead_d, serial_undead_f, uniq_snorg
D:12:     layout_roguey, erik_orc_4, serial_aquarium, aquarium_bridge_square
          [aquarium_subvault_window, aquarium_subvault_bridge,
          aquarium_subvault_balcony, aquarium_subvault_wall],
          aquarium_window_corner, aquarium_window_corridor_1, aquarium_view_2c,
          chequers_guarded_unrand_ignorance
D:13:     layout_irregular_city, trog_three_pillars_becter, uniq_jorgrun
D:14:     layout_cave_pools, david_vaults_3, elyvilon_altar_5
D:15:     gammafunk_depths_entry_grave, layout_small_grid, serial_shops,
          nicolae_shop_behind_doors, serial_bayou_pond_d
Temple:   nicolae_temple_great_sept
Lair:1:   layout_small_grid, gauntlet_entry_generic, lemuel_fruit_fields,
          grunt_megastairs_3, serial_bayou_shore_b, lemuel_fruit_tree,
          serial_bayou_shore_b, serial_bayou_shore_b, uniq_gastronok
Lair:2:   nzn_winding_woodlands_small [nzn_winding_woodlands_5x15_garden,
          nzn_winding_woodlands_center_diamonds,
          nzn_winding_woodlands_5x15_pathside_ponds], layout_loops_ring,
          minmay_swamp_entry_worms, guppyfry_snake_entry_garden,
          gammafunk_ghost_ooze, wad_woods_06, disabler_island
Lair:3:   layout_roguey
Lair:4:   layout_roguey, nicolae_volcano_entry_batcave,
          chequers_serial_rivers_micro_b, minmay_hedge_maze, beast_lair_carwin_9
Lair:5:   hangedman_lair_caniforms_friends, layout_cellular_growth,
          hangedman_lair_in_review, nicolae_slime_entry_slimehenge,
          ebering_ghost_disaster_area, uniq_kirke
Orc:1:    layout_caves, basic_altar, statue_in_the_mist_lemuel,
          nicolae_orc_pool_cavern, mines2_david
Orc:2:    grunt_orc_community_town_hall, layout_diamond_mine,
          grunt_orc_community_big_house_1, grunt_orc_community_big_house_2,
          grunt_orc_community_house_1, grunt_orc_community_house_1,
          grunt_orc_community_house_3, grunt_orc_community_house_2,
          grunt_orc_community_house_2, grunt_orc_community_house_1
Elf:1:    eino_elf_arrival_customs, layout_geoelf_octagon,
          minmay_elf_crystal_hexagon, minmay_shop_grove
Elf:2:    elven_hall_of_blades_hangedman_original [nicolae_blade_bullseye],
          layout_geoelf_octagon
Elf:3:    minmay_elf_hall_not_hex, layout_gridlike, serial_shops, shop,
          roderic_lattice_octagonal_star

Skill      XL: |  1  2  3  4  5  6  7  8  9 10 11 12 13 14 15 16 17 |
---------------+----------------------------------------------------+-----
Fighting       | 4 5 7 8 9 11 12 14 15 16 17 18 | 18.3
Shields        | 4 5 6 7 8 10 11 12 15 17 19 | 19.9
Armour         | 4 5 7 8 9 11 12 14 15 16 17 18 | 18.4
Dodging        | 1 2 3 4 |  4.8
Long Blades    | 3 4 5 6 8 10 12 13 14 15 16 17 18 | 18.6
Stealth        | 1 2 3 |  3.1
Throwing       | 1 |  1.1
Invocations    | 1 3 4 |  4.2
Maces & Flails | 2 4 |  4.4

Action                   |  1- 3 |  4- 6 |  7- 9 | 10-12 | 13-15 | 16-18 || total
-------------------------+-------+-------+-------+-------+-------+-------++-------
Melee: Long sword        |    90 |   118 |   314 |   590 |  1866 |   179 ||  3157
       Headbutt          |    11 |    18 |    65 |   159 |   508 |   155 ||   916
       Scimitar          |       |       |       |    55 |       |   510 ||   565
       Whip              |       |       |       |       |    79 |     9 ||    88
Throw: Throwing net      |       |       |     1 |     1 |       |       ||     2
Invok: Heroism           |       |       |       |    12 |    16 |     5 ||    33
       Finesse           |       |       |       |       |     1 |       ||     1
  Use: Scroll            |     3 |     1 |     4 |     8 |    12 |     6 ||    34
       Potion            |       |       |     1 |     3 |     2 |     6 ||    12
 Stab: Held in net/web   |       |       |       |     1 |       |       ||     1
       Petrified         |       |       |       |       |     1 |       ||     1
Armor: Scale mail        |    47 |       |       |       |       |       ||    47
       Plate armour      |    31 |    73 |   186 |   421 |  1437 |   256 ||  2404
Dodge: Dodged            |    52 |    40 |   102 |   252 |   711 |   124 ||  1281
Block: Buckler           |    22 |    30 |   101 |   224 |    90 |       ||   467
       Kite shield       |       |       |       |       |  1404 |   537 ||  1941
       Reflection        |       |       |       |       |     7 |    68 ||    75
